 Dungeon Crawl Stone Soup version 0.14-a0-770-g009d3a2 (webtiles) character file.

141 Egon the Vexing (level 4, 0/29 HPs)
             Began as a Formicid Enchanter on Nov 10, 2013.
             Succumbed to an adder's poison
             ... on Level 2 of the Dungeon.
             The game lasted 00:14:11 (2265 turns).

Egon the Vexing (Formicid Enchanter)                Turns: 2265, Time: 00:14:11

HP   0/29        AC  4     Str 13      XL: 4   Next:  8%
MP   3/7         EV 11     Int 14      God:
Gold 89          SH  0     Dex 12      Spells:  2 memorised,  2 levels left

Res.Fire  : . . .   See Invis. : .   m - +2,+1 dagger (venom)
Res.Cold  : . . .   Warding    : .   t - +0 elf leather armour
Life Prot.: . . .   Conserve   : .   (no shield)
Res.Poison: x       Res.Corr.  : .   (helmet restricted)
Res.Elec. : .       Clarity    : .   (no cloak)
Sust.Abil.: . .     Spirit.Shd : .   (no gloves)
Res.Mut.  : .       Stasis     : +   (no boots)
Res.Rott. : .       Flight     : .   (no amulet)
Saprovore : . . .                    (no ring)
                                     (no ring)

@: mildly poisoned, very slightly contaminated, slightly resistant to hostile
enchantments, fairly stealthy
A: permanent stasis, dig shafts and tunnels, four strong arms, poison weakness,
antennae 1, exoskeleton 1
a: Dig, Shaft Self


You were on level 2 of the Dungeon.
You were very hungry.

You visited 1 branch of the dungeon, and saw 3 of its levels.

You collected 89 gold pieces.

Inventory:

Hand weapons
 a - a +1,+1 dagger
 i - a +0,+1 orcish club
 m - a +2,+1 dagger of venom (weapon)
Missiles
 d - 11 darts (quivered)
Armour
 b - a +1 robe
 j - a +0 large shield
 t - a +0 elven leather armour (worn)
Comestibles
 f - 2 bread rations
 h - an apple
 n - a rotting chunk of hobgoblin flesh
Scrolls
 g - a scroll of enchant armour {unknown}
 l - a scroll of curse jewellery {unknown}
 o - a scroll of identify {unknown}
 q - a scroll of teleportation {unknown}
 v - a scroll of remove curse {unknown}
Potions
 e - 2 potions of heal wounds {unknown}
 k - 2 potions of curing {unknown}
 p - a potion of degeneration {unknown}
 r - a potion of agility {unknown}
 u - a potion of restore abilities {unknown}
Books
 c - a book of Maledictions

   Spells                             Type                      Level
   *Corona                            Hexes                        1
   Sure Blade                         Hexes/Charms                 2
   *Ensorcelled Hibernation           Hexes/Ice                    2
   Confuse                            Hexes                        3
   Enslavement                        Hexes                        4
   Invisibility                       Hexes                        6


   Skills:
 + Level 0.8 Fighting
 + Level 1.5 Short Blades
 - Level 0.7 Throwing
 + Level 2.0 Dodging
 + Level 3.0 Stealth
 - Level 1.3 Spellcasting
 + Level 4.5 Hexes


You had 2 spell levels left.
You knew the following spells:

 Your Spells              Type           Power        Failure   Level  Hunger
a - Corona                Hex            ##.....      4%          1    ##.....
b - Ensorcelled Hibernat  Hex/Ice        #.....       17%         2    ###....


Dungeon Overview and Level Annotations

Branches:
Dungeon (3/27)

Altars:

Annotations:
D:3 timbw's ghost, weakling LOBe


Innate Abilities, Weirdness & Mutations

Your are under a permanent stasis effect.
You can dig through walls and to a lower floor.
Your four strong arms can wield any weapon, most with a shield.
You are susceptible to poison.
You have a pair of small antennae on your head.
Your body is surrounded by an exoskeleton. (HP +5, AC +1)


Message History

There is an open door here.
* * * LOW HITPOINT WARNING * * *
You feel sick.
You see here a dart.
The orc unwields an uncursed orcish club.
The orc drops an uncursed orcish club.
The orc picks up a club.
The orc wields a club.
There is an open door here.
You close the door.
* * * LOW HITPOINT WARNING * * *
You feel sick.
* * * LOW HITPOINT WARNING * * *
You feel sick.
There is an open door here.
* * * LOW HITPOINT WARNING * * *
You feel sick.
An orc opens the door.
You close the door.
* * * LOW HITPOINT WARNING * * *
You feel sick.
You die...

#........# #.##.....# ######.
#........# #.(#.....# ##......
#......(.# ##o#.....#####..###..
#........# #.'.....'.....##...#
##'####### ###.....########.###
#.### ##+#### ##.# #...# ##.#
#..# ###.## #..# ##'#### #..#
##@##### #...... #####'####
#......# #......
..J......######......# #......
..>......#...........######......
.........'.####...........+......
.........### #......######......
.........# #....<.# #......
.........# #<.(...# #......
########## #......# #......


There were no monsters in sight!

Vanquished Creatures
  2 adders (D:2)
  A giant gecko (D:1)
  An orc (D:3)
  A ball python (D:2)
  4 bats
  A giant cockroach (D:1)
  4 hobgoblins
  9 kobolds
  2 giant newts (D:1)
  5 goblins
  3 rats
33 creatures vanquished.

Notes
Turn   | Place    | Note
--------------------------------------------------------------
     0 | D:1      | Egon, the Formicid Enchanter, began the quest for the Orb.
     0 | D:1      | Reached XP level 1. HP: 15/15 MP: 3/3
   520 | D:1      | Reached skill level 4 in Hexes
   520 | D:1      | Reached XP level 2. HP: 12/20 MP: 2/4
   542 | D:1      | Learned a level 2 spell: Ensorcelled Hibernation
  1241 | D:1      | Reached XP level 3. HP: 24/24 MP: 3/5
  2033 | D:3      | Noticed timbw's ghost (weakling LOBe)
  2237 | D:2      | Reached XP level 4. HP: 6/29 MP: 0/7
  2264 | D:2      | HP: 1/29 [poisoned by an adder]
  2265 | D:2      | Succumbed to an adder's poison

Action                   |  1- 3 |  4- 6 || total
-------------------------+-------+-------++-------
Melee: Dagger            |   104 |       ||   104
Throw: Dart              |     1 |       ||     1
 Cast: Corona            |     2 |       ||     2
       Ensorcelled Hiber |    18 |       ||    18
 Stab: Sleeping          |    17 |       ||    17
